 Dungeon Crawl Stone Soup version bcrawl-1.34.5 (webtiles) character file.

Game seed: 10697615747111180827

291608 KristoblXynda the Cleaver (level 9, 0/72 HPs)
             Began as a Demonspawn Gladiator on Nov 6, 2021.
             Was a Priest of Okawaru.
             Slain by a yak (10 damage)
             ... on level 7 of the Dungeon on Nov 7, 2021.
             The game lasted 00:09:51 (6860 turns).

KristoblXynda the Cleaver (Demonspawn Gladiator)    Turns: 6860, Time: 00:09:51

Health: 0/72       AC: 19    Str: 17    XL:     9   Next: 68%
Magic:  9/9        EV: 11    Int: 10    God:    Okawaru [***...]
Gold:   429        SH:  0    Dex: 15    Spells: 8/8 levels left

rFire    . . .     SeeInvis .   a - +1 war axe
rCold    + . .     Gourm    .   (no shield)
rNeg     . . .     Faith    .   v - +2 scale mail {MR+}
rPois    .         Spirit   .   (helmet restricted)
rElec    .         Reflect  .   B - +0 cloak
rCorr    .         Harm     .   D - +0 pair of gloves
MR       +....                  h - +0 pair of boots
Stlth    +.........             (no amulet)
HPRegen  0.22/turn              c - ring of protection from cold
MPRegen  0.11/turn              (no ring)

@: lethally poisoned (0 -> -3), sanguine armour
A: antennae 2, blink, demonic guardian 1, high mp 1, nightstalker 1, sanguine
armour 1
a: Blink, Heroism, Renounce Religion


You were on level 7 of the Dungeon.
You worshipped Okawaru.
Okawaru was most pleased with you.
You were not hungry.

You visited 2 branches of the dungeon, and saw 8 of its levels.

You collected 585 gold pieces.
You spent 156 gold pieces at shops.

Inventory:

Hand Weapons
 a - a +1 war axe (weapon)
Missiles
 d - 4 throwing nets {=f}
Armour
 h - a +0 pair of boots (worn)
 u - a scarf of clouds
 v - a +2 scale mail of magic resistance (worn)
 B - a +0 cloak (worn)
 D - a +0 pair of gloves (worn)
Jewellery
 c - a ring of protection from cold (left hand)
Wands
 z - a wand of scattershot (6)
Scrolls
 b - 2 scrolls of blinking
 g - 5 scrolls of teleportation
 j - 3 scrolls of remove curse
 m - a scroll of immolation {unknown}
 o - 2 scrolls of enchant weapon
 q - a scroll of amnesia
 s - a scroll of fog {unknown}
 x - 5 scrolls of fear
 y - a scroll of magic mapping
Potions
 f - a potion of heal wounds
 k - 6 potions of curing
 l - a potion of ambrosia {unknown}
 n - a potion of flight
 p - 2 potions of mutation
 r - a potion of haste {unknown}
 t - a potion of cancellation
 w - a potion of magic
Comestibles
 e - 10 rations {!d}
 i - 4 chunks of flesh


   Skills:
 + Level 7.4 Fighting
 * Level 9.2 Axes
 - Level 2.0 Throwing
 + Level 5.8 Armour
 - Level 3.5 Dodging


You had 8 spell levels left.
You didn't know any spells.
Your spell library was empty.

Dungeon Overview and Level Annotations

Branches:
Dungeon (7/12)             Temple (1/1) D:6
   Lair: D:7-9

Altars:
Ashenzari
Cheibriados
Dithmenos
Elyvilon
Fedhas
Gozag
Hepliaklqana
Kikubaaqudgha
Lugonu
Makhleb
Nemelex Xobeh
Okawaru
Qazlal
Ru
Sif Muna
Trog
Uskayaw
Vehumet
Wu Jian
Xom
Yredelemnul
Zin
The Shining One

Shops:
D:4 }   D:5 ?


Innate Abilities, Weirdness & Mutations

You have a pair of antennae on your head.
A weak demonic guardian rushes to your aid.
You are slightly more attuned to the shadows.
When seriously injured, your bleeding wounds create armour. (AC +6)
You can translocate small distances at will.
You have an increased reservoir of magic. (+10% MP)


Message History

The centaur is lightly wounded.
You slash the yak! You hit the yak. You slash the worker ant!
The centaur hits you. The yak gores you!
* * * LOW HITPOINT WARNING * * *
The yak gores you but does no damage. The worker ant bites you.
* * * LOW HITPOINT WARNING * * *
You are poisoned.
The worker ant poisons you!
No path to travel!
You feel much better.
You feel sick. The centaur hits you. The yak gores you!
* * * LOW HITPOINT WARNING * * *
The worker ant barely misses you. The centaur hits you.
* * * LOW HITPOINT WARNING * * *
The yak gores you but does no damage.
You slash the centaur!
The centaur is heavily wounded.
You closely miss the worker ant. You hit the yak.
You hit the yak but do no damage.
You feel sick. The centaur closely misses you. The yak gores you!
You die...

.........##
.........##
..........
........ #.....#
#caY..## #.@Y...#
#..#....#
######.## ##+#
.......# {
.......# .
##.....## ###. #..
#......######....
..#
##...............#
.#
....>....รท......#


You could see 2 yaks, a centaur and a worker ant.

Vanquished Creatures
  A troll (D:7)
  A hippogriff (D:7)
  3 yaks
  A steam dragon (D:7)
  A hungry ghost (D:7)
  A crocodile (D:7)
  A centaur (D:7)
  3 ogres
  3 bullfrogs (D:6)
  3 scorpions
  4 killer bees (D:7)
  2 orc priests (D:5)
  A bullfrog skeleton (D:4)
  A jelly (D:7)
  4 hounds
  4 orc wizards
  Jessica (D:3)
  2 iguanas
  Terence (D:2)
  3 worker ants
  A killer bee zombie (D:5)
  A hound zombie (D:6)
  3 worker ant zombies
  2 howler monkey skeletons
  7 adders
  A shadow imp (D:7)
  An ooze (D:1)
  An adder skeleton (D:3)
  5 worms
  4 dart slugs
  6 leopard geckos
  26 orcs
  A giant cockroach (D:1)
  6 goblins
  4 hobgoblins
  6 jackals
  7 quokkas
  4 ball pythons
  6 bats
  4 frilled lizards
  3 kobolds
  A quokka skeleton (D:2)
  14 rats
155 creatures vanquished.

Vanquished Creatures (collateral kills)
  An ice beast (D:4)
  An ogre (D:5)
  A water moccasin zombie (D:5)
  A scorpion (D:4)
  2 killer bees (D:7)
  An orc wizard (D:5)
  A hound skeleton (D:5)
  4 orcs
12 creatures vanquished.

Vanquished Creatures (others)
  3 plants (D:7)
3 creatures vanquished.

Grand Total: 170 creatures vanquished

Notes
Turn   | Place    | Note
-------+----------+-------------------------------------------
     0 | D:1      | KristoblXynda the Demonspawn Gladiator began the quest for
                  | the Orb.
     0 | D:1      | Reached XP level 1. HP: 18/18 MP: 1/1
   127 | D:1      | Gained mutation: You are slightly more attuned to the
                  | shadows. [demonic ancestry]
   127 | D:1      | Reached XP level 2. HP: 24/24 MP: 2/2
   424 | D:1      | Reached skill level 3 in Axes
  1277 | D:2      | Gained mutation: A weak demonic guardian rushes to your
                  | aid. [demonic ancestry]
  1277 | D:2      | Reached XP level 3. HP: 28/29 MP: 3/3
  1512 | D:2      | Gained mutation: You have a pair of small antennae on your
                  | head. [demonic ancestry]
  1512 | D:2      | Reached XP level 4. HP: 35/35 MP: 4/4
  2331 | D:2      | Noticed Terence
  2338 | D:2      | Killed Terence
  2525 | D:3      | Gained mutation: When seriously injured, your bleeding
                  | wounds create armour. (AC +6) [demonic ancestry]
  2525 | D:3      | Reached XP level 5. HP: 42/42 MP: 5/5
  2647 | D:3      | Reached skill level 4 in Axes
  2680 | D:3      | Reached skill level 1 in Armour
  3220 | D:4      | Found Ceijol Hya's Gadget Shoppe.
  3261 | D:4      | Noticed a yak
  3268 | D:4      | Killed a yak
  3269 | D:4      | Reached XP level 6. HP: 36/49 MP: 6/6
  3416 | D:4      | Noticed an ice beast
  3425 | D:4      | Killed an ice beast
  3426 | D:4      | Reached skill level 5 in Axes
  3449 | D:4      | Reached XP level 7. HP: 46/55 MP: 7/7
  4060 | D:3      | Noticed Jessica
  4063 | D:3      | Killed Jessica
  4237 | D:5      | Entered Level 5 of the Dungeon
  4242 | D:5      | Reached skill level 5 in Fighting
  4286 | D:5      | Found a shattered altar of Ashenzari.
  4299 | D:5      | Found an iron altar of Okawaru.
  4332 | D:5      | Found Fenesch's Magic Scroll Boutique.
  4360 | D:5      | Became a worshipper of Warmaster Okawaru
  4392 | D:5      | Bought a scroll of magic mapping for 42 gold pieces
  4392 | D:5      | Bought a scroll of identify for 24 gold pieces
  4392 | D:5      | Bought a scroll of blinking for 90 gold pieces
  4405 | D:5      | Reached skill level 6 in Axes
  4548 | D:5      | Reached XP level 8. HP: 54/63 MP: 8/8
  4575 | D:5      | Gained mutation: You can translocate small distances at
                  | will. [potion of mutation]
  4575 | D:5      | Gained mutation: You have an increased reservoir of magic.
                  | (+10% MP) [potion of mutation]
  4693 | D:5      | Found a shadowy altar of Dithmenos.
  5193 | D:6      | Found a staircase to the Ecumenical Temple.
  5207 | Temple   | Entered the Ecumenical Temple
  5787 | D:6      | Reached skill level 7 in Axes
  5931 | D:6      | Reached * piety under Okawaru
  6433 | D:7      | Reached ** piety under Okawaru
  6433 | D:7      | Noticed a hippogriff
  6436 | D:7      | Reached skill level 8 in Axes
  6436 | D:7      | Gained mutation: You have a pair of antennae on your head.
                  | [demonic ancestry]
  6436 | D:7      | Reached XP level 9. HP: 64/71 MP: 9/9
  6444 | D:7      | Reached skill level 5 in Armour
  6738 | D:7      | Noticed a troll
  6754 | D:7      | Killed a troll
  6754 | D:7      | Reached *** piety under Okawaru
  6755 | D:7      | Reached skill level 9 in Axes
  6860 | D:7      | Slain by a yak

Skill      XL: |  1  2  3  4  5  6  7  8  9 |
---------------+----------------------------+-----
Throwing       | 2 |  2.0
Axes           | 3 4 5 6 8 9 |  9.2
Dodging        | 3 |  3.5
Armour         | 2 3 4 5 |  5.8
Fighting       | 4 5 6 7 |  7.4

Action                   |  1- 3 |  4- 6 |  7- 9 || total
-------------------------+-------+-------+-------++-------
Melee: War axe           |    80 |   159 |   274 ||   513
  Use: Scroll            |     1 |     3 |     7 ||    11
       Potion            |       |       |     5 ||     5
 Stab: Sleeping          |     4 |     4 |       ||     8
       Distracted        |       |     1 |     2 ||     3
  Eat: Chunk             |     4 |    12 |    18 ||    34
       Ration            |       |       |     1 ||     1
Armor: Leather armour    |    24 |       |       ||    24
       Scale mail        |       |    62 |   141 ||   203
       Ring mail         |       |     9 |       ||     9
       Skin              |       |       |   104 ||   104
Dodge: Dodged            |    51 |   101 |   161 ||   313
